Map: Lightshade LE

Players

Osiris - Winner!

  • Race: Terran Terran
  • League: Master
  • Spawn Location: 11:00

Bundo

  • Race: Terran Terran
  • League: Diamond
  • Spawn Location: 5:00

VOD

Have the link to the VOD?

Description

Time

  • Played on: March 14, 2021, 8:42 p.m.
  • Length: 12:08
Show
View Real Time Build Order
Export as new Build Order

Osiris Terran - Winner!

Build Orders:  

Get SALT Encoding   

  12  0:00  SCV  
  13  0:12  SCV  
  14  0:17  Supply Depot  
  14  0:24  SCV  
  15  0:38  SCV  
  15  0:40  Barracks  
  16  0:43  Refinery  
  16  0:50  SCV  
  16  0:52  Refinery  
  17  1:03  SCV  
  18  1:15  SCV  
  19  1:27  Reaper, Orbital Command  
  20  1:42  Factory  
  20  1:52  Supply Depot  
  20  1:55  SCV  
  20  2:00  Reaper  
  22  2:11  SCV  
  23  2:20  Command Center  
  23  2:24  SCV  
  24  2:31  Marine  
  24  2:32  Hellion  
  27  2:39  Supply Depot  
  27  2:40  SCV  
  28  2:52  SCV, Starport  
  28  2:53  Barracks Reactor  
  28  2:56  Factory Tech Lab  
  29  3:04  SCV  
  30  3:15  Cyclone  
  33  3:24  SCV  
  34  3:27  Refinery  
  34  3:31  Marine x2  
  36  3:34  Orbital Command  
  36  3:36  SCV  
  37  3:48  SCV  
  37  3:51  Marine x2  
  37  3:55  Factory Tech Lab, Raven  
  42  4:00  SCV x2  
  44  4:10  Marine x2  
  44  4:12  SCV  
  47  4:19  Siege Tank  
  47  4:20  SCV  
  51  4:25  SCV  
  51  4:28  Supply Depot  
  52  4:32  Command Center  
  52  4:37  SCV  
  52  4:38  SCV  
  54  4:41  Refinery  
  54  4:49  Raven  
  56  5:04  SCV  
  57  5:08  SCV  
  57  5:11  Marine x2  
  60  5:14  Supply Depot  
  60  5:17  SCV  
  60  5:18  Siege Tank  
  60  5:19  Barracks  
  60  5:21  Barracks  
  63  5:30  Marine x2  
  63  5:31  SCV  
  66  5:37  Raven  
  66  5:38  SCV  
  66  5:41  Supply Depot  
  69  5:50  Orbital Command  
  69  5:55  Marine x2  
  71  5:57  SCV  
  72  6:08  SCV  
  72  6:10  Barracks Reactor  
  73  6:12  Barracks Reactor  
  73  6:15  Engineering Bay, SCV  
  74  6:19  Engineering Bay  
  74  6:20  Siege Tank  
  79  6:35  SCV  
  78  6:41  SCV  
  78  6:43  Barracks, SCV  
  78  6:44  Marine, Stimpack  
  78  6:45  Viking, Barracks  
  78  6:46  Viking  
  85  6:48  Marine  
  85  6:49  Marine  
  85  6:51  Marine x2  
  89  7:09  Marine x3  
  89  7:10  Marine, Siege Tank  
  91  7:17  Marine  
  91  7:18  Viking x2  
  82  7:27  Marine x3  
  82  7:29  Terran Infantry Armor Level 1, Terran Infantry Weapons Level 1  
  85  7:31  Orbital Command  
  85  7:36  Marine  
  85  7:37  Barracks Reactor, Factory  
  86  7:38  Barracks Reactor, Marine  
  86  7:41  Refinery  
  87  7:45  Siege Tank  
  87  7:46  Refinery  
  87  8:08  Marine x3  
  87  8:09  Marine, Viking  
  93  8:18  Marine  
  93  8:19  Marine x4  
  99  8:20  Siege Tank  
  99  8:22  Factory Tech Lab  
  99  8:26  Marine x3  
  87  8:37  Marine x2  
  84  8:54  Marine x3  
  84  8:55  Viking x2, Siege Tank x2  
  79  9:04  Marine x2  
  77  9:11  Marine  
  77  9:14  SCV x2  
  80  9:20  Marine x2  
  80  9:22  Marine  
  77  9:31  Marine  
  77  9:32  Marine, Siege Tank  
  77  9:37  Combat Shield, Refinery  
  82  9:39  Armory  
  82  9:40  SCV x2  
  82  9:45  Orbital Command  
  84  9:56  Marine  
  84  9:57  Marine x2  
  87  10:00  Sensor Tower  
  87  10:04  SCV  
  87  10:05  SCV  
  87  10:07  Marine x2  
  91  10:14  Marine  
  91  10:17  Siege Tank  
  86  10:45  Marine x2  
  86  10:46  Marine x2, Viking, Siege Tank  
  86  10:47  Viking  
  92  10:52  Marine, Siege Tank  
  92  10:54  SCV  
  97  11:03  Marine  
  98  11:09  Marine x3  
  101  11:14  Barracks, Supply Depot  
  101  11:15  Barracks  
  101  11:18  Supply Depot  
  101  11:35  Marine, Viking, Missile Turret  
  101  11:36  Siege Tank, Missile Turret  
  101  11:38  Marine, Missile Turret  
  101  11:39  Marine  
  109  11:47  Marine x2  
Show
View Real Time Build Order
Export as new Build Order

Bundo Terran 

Build Orders: Liberator Opening, Reaper Expand 

Get SALT Encoding   

  12  0:00  SCV  
  13  0:12  SCV  
  14  0:16  Supply Depot  
  14  0:24  SCV  
  15  0:38  SCV  
  15  0:40  Barracks  
  16  0:43  Refinery  
  16  0:50  SCV  
  17  1:02  SCV  
  18  1:14  SCV  
  19  1:28  Reaper, Orbital Command  
  20  1:52  Command Center  
  19  1:57  SCV  
  19  2:00  Supply Depot  
  20  2:09  Factory  
  20  2:10  Marine  
  20  2:13  SCV  
  22  2:17  Refinery  
  22  2:25  SCV  
  22  2:28  Barracks Reactor  
  23  2:38  SCV  
  24  2:52  SCV  
  24  2:54  Hellion  
  24  2:55  Starport  
  27  3:04  Marine x2  
  27  3:05  Orbital Command, SCV  
  30  3:17  Factory Tech Lab, SCV  
  30  3:19  Supply Depot  
  31  3:24  Marine x2  
  33  3:29  SCV  
  33  3:32  SCV  
  33  3:34  Liberator  
  38  3:45  SCV x2  
  39  3:48  Marine x2  
  39  3:50  Cyclone  
  44  3:56  Supply Depot  
  44  3:57  SCV  
  44  4:02  SCV  
  46  4:09  SCV  
  47  4:16  SCV  
  47  4:17  Barracks x2  
  48  4:19  Barracks Tech Lab  
  48  4:24  Siege Tank  
  48  4:26  Starport Reactor  
  48  4:28  Refinery  
  48  4:29  SCV x2  
  53  4:35  Engineering Bay  
  53  4:39  Marine  
  53  4:40  Stimpack  
  53  4:41  SCV  
  53  4:44  SCV  
  56  4:51  Supply Depot  
  56  4:53  SCV  
  56  4:56  SCV  
  61  5:04  Terran Infantry Weapons Level 1  
  61  5:05  SCV  
  59  5:08  SCV  
  59  5:09  Marine x2  
  59  5:11  Supply Depot  
  59  5:12  Marine  
  59  5:14  Starport Reactor  
  63  5:17  SCV  
  63  5:20  Siege Tank  
  63  5:21  Marine x2  
  67  5:22  SCV  
  67  5:26  Refinery  
  67  5:27  Supply Depot  
  70  5:32  Marine  
  70  5:33  Supply Depot  
  70  5:34  Supply Depot  
  71  5:35  Marine x2  
  71  5:36  SCV x2  
  75  5:45  Marine x2  
  75  5:49  Supply Depot, SCV x2  
  76  5:52  Supply Depot  
  76  5:53  Marine  
  76  5:54  Marine  
  76  5:55  Medivac  
  76  5:56  Medivac  
  82  5:58  Marine  
  82  6:03  SCV x2  
  85  6:08  Marine x2  
  87  6:11  Marine x2  
  87  6:13  Siege Tank  
  92  6:23  Combat Shield  
  92  6:24  Missile Turret  
  92  6:25  Marine  
  93  6:27  Missile Turret  
  93  6:37  SCV x2  
  95  6:40  Marine x2  
  95  6:43  Command Center  
  95  6:46  Marine x2  
  99  6:47  Marine  
  99  6:49  SCV  
  99  6:53  Medivac  
  103  6:55  Medivac  
  103  6:58  Terran Infantry Armor Level 1  
  105  7:03  SCV x2  
  105  7:05  Siege Tank  
  110  7:10  Supply Depot  
  110  7:12  Supply Depot  
  95  7:16  SCV x2  
  95  7:19  Marine x3  
  95  7:20  Marine x2  
  81  7:37  Siege Tank  
  81  7:39  Barracks x2  
  81  7:42  Supply Depot  
  81  7:43  Marine x2  
  86  7:44  Engineering Bay  
  85  7:54  Marine x3  
  85  7:56  Viking  
  90  8:00  Marine  
  90  8:01  Orbital Command  
  83  8:19  Marine x4  
  82  8:20  Marine  
  82  8:25  Marine  
  82  8:26  Marine  
  75  8:37  Marine x5  
  80  8:43  Marine x2  
  80  8:46  Siege Tank  
  78  9:03  Marine x5  
  73  9:22  Orbital Command  
  73  9:30  Marine x6  
  79  9:54  Marine  
  79  9:55  Marine x5  
  85  10:11  Marine  
  85  10:12  Marine x4  
  90  10:23  Command Center  
  90  10:27  Marine x2  
  92  10:29  Marine  
  92  10:30  Marine x2, Siege Tank  
  86  10:46  Marine x3  
  86  10:47  Marine x2, Medivac x2  
  86  10:48  SCV x2  
  91  11:02  Siege Tank  
  94  11:07  Armory  
  94  11:13  Barracks Reactor x2, Marine x5  
  94  11:17  Medivac x2  
  103  11:25  Barracks x2  
  103  11:30  SCV x2  
  103  11:31  Refinery x2  
  105  11:33  Marine  
  105  11:34  Marine x4, Siege Tank  
  113  11:42  SCV x2  
Tags
 
Add a new tag
Caveats
  • Supply blocks, unpowered buildings, or Contaminate may cause inaccurate times.
  • Supply counts are checked every 10 seconds.